 Dungeon Crawl Stone Soup version 0.32-a0-391-gce5c0aab1b (webtiles) character file.

Game seed: 17536400224964410385

23618 n00bmints the Bludgeoner (level 12, -2/115 HPs)
             Began as a Minotaur Berserker on Feb 19, 2024.
             Was a Follower of Trog.
             Slain by a dire elephant (20 damage)
             ... on level 1 of the Vaults.
             The game lasted 00:59:18 (11215 turns).

n00bmints the Bludgeoner (Minotaur Berserker)      Turns: 11215, Time: 00:59:19

Health: -2/115     AC: 30    Str: 27    XL:     12   Next: 73%
Magic:  20/20      EV: 10    Int:  4    God:    Trog [*.....]
Gold:   998        SH:  0    Dex: 10    Spells: 11/11 levels left

rFire   x . .        D - +0 morningstar (heavy)
rCold   + + +        (no shield)
rNeg    . . .        y - +6 plate armour of Wasted Space {rElec rF- rC+++ MP+9}
rPois   .            (helmet restricted)
rElec   +            t - +1 cloak
rCorr   .            (no gloves)
SInv    .            l - +2 pair of boots
Will    .....        k - amulet of the acrobat Stlth
                     (no ring)
HPRegen 0.39/turn    (no ring)
MPRegen 0.17/turn

%: acrobat
@: about to teleport, on berserk cooldown, slowed, studying Dodging, very slow
A: horns 2, retaliatory headbutt
a: Renounce Religion, Berserk


You were on level 1 of the Vaults.
You worshipped Trog.
Trog was aware of your devotion.
You visited 2 branches of the dungeon, and saw 14 of its levels.

You collected 1113 gold pieces.
You spent 115 gold pieces at shops.

Inventory:

Hand Weapons
 z - a +0 flail of electrocution
 D - a +0 heavy morningstar (weapon)
 F - a +2 executioner's axe
 M - a +0 great mace of flaming
Missiles
 v - 3 throwing nets (quivered)
Armour
 c - a +0 plate armour
 l - a +2 pair of boots (worn)
 t - a +1 cloak (worn)
 y - the +6 plate armour of Wasted Space (worn) {rElec rF- rC+++ MP+9}
   (You found it on level 4 of the Dungeon)

   rF-:       It makes you vulnerable to fire.
   rC+++:     It renders you almost immune to cold.
   rElec:     It insulates you from electricity.
   MP+9:      It affects your magic capacity (+9).
Jewellery
 k - an amulet of the acrobat (around neck)
 N - a ring of magical power
Talismans
 s - a beast talisman
 H - a blade talisman
 K - a talisman of death
 L - a maw talisman
Scrolls
 d - 2 scrolls of vulnerability
 f - a scroll of torment
 i - a scroll of blinking
 j - a scroll of teleportation
 p - a scroll of identify
 u - a scroll of immolation {unknown}
 A - a scroll of silence {unknown}
 B - 2 scrolls of fear
 C - 4 scrolls of poison
 G - 3 scrolls of fog
 I - a scroll of amnesia {unknown}
Potions
 a - a potion of cancellation {unknown}
 b - 4 potions of haste {unknown}
 e - 3 potions of lignification {unknown}
 g - 2 potions of degeneration {unknown}
 h - a potion of ambrosia {unknown}
 m - 5 potions of mutation {unknown}
 n - 3 potions of attraction {unknown}
 o - 3 potions of heal wounds
 q - 3 potions of brilliance {unknown}
 r - 5 potions of curing {unknown}
 w - 5 potions of enlightenment {unknown}
 x - a potion of might {unknown}
 E - 6 potions of berserk rage {unknown}
 J - a potion of magic {unknown}


   Skills:
 + Level 13.0 Fighting
 + Level 17.3 Maces & Flails
 + Level 16.9 Armour
 + Level 6.9 Dodging
 + Level 2.1 Stealth


You had 11 spell levels left.
You didn't know any spells.
Your spell library was empty.

Dungeon Overview and Level Annotations

Branches:
Dungeon (13/15)            Temple (0/1) D:4            Lair (0/5) D:10
    Orc (0/2) D:11         Vaults (1/5) D:13

Altars:
Dithmenos
Elyvilon
Hepliaklqana
Makhleb
Nemelex Xobeh
Qazlal
Ru
Sif Muna
Trog
Uskayaw
Wu Jian
Xom
Zin
The Shining One

Shops:
D:4 !?   D:10 :


Innate Abilities, Weirdness & Mutations

You have a pair of horns on your head.
You reflexively headbutt those who attack you in melee.


Message History

The dire elephant is lightly wounded.
The dire elephant tramples you but does no damage.
The dire elephant trunk-slaps you but does no damage.
You bludgeon the dire elephant!! You headbutt the dire elephant.
The dire elephant is moderately wounded.
Your skin stops crawling.
You feel less strong-willed. The dire elephant tramples you!!
You stumble backwards!
Okay, then.
You feel much better. The dire elephant tramples you.
You stumble backwards!
Okay, then.
You flatten the dire elephant like a pancake!!!
You headbutt the dire elephant, but do no damage.
The dire elephant is severely wounded.
The dire elephant closely misses you. You furiously retaliate!
You headbutt the dire elephant.
The dire elephant trunk-slaps you but does no damage.
The dire elephant tramples you but does no damage.
The dire elephant trunk-slaps you.
You impale the dire elephant!!
The dire elephant is almost dead.
The dire elephant tramples you.
You hold your ground!
The dire elephant closely misses you.
The dire elephant tramples you but does no damage.
The dire elephant trunk-slaps you!
You bludgeon the dire elephant!!
You kill the dire elephant!
Trog accepts your kill. The dire elephant tramples you!
You hold your ground!
The dire elephant trunk-slaps you!
* * * LOW HITPOINT WARNING * * *
The dire elephant tramples you!
* * * LOW HITPOINT WARNING * * *
You hold your ground!
The dire elephant misses you.
The yaktaur hits you but does no damage.
Your Fighting skill increases to level 13!
As you read the scroll of teleportation, it crumbles to dust.
You feel strangely unstable. The yaktaur hits you.
* * * LOW HITPOINT WARNING * * *
The dire elephant tramples you!!
You die...

,,*,,,,,*,,* # ,,**,,,**,,* #
*,,**,**,,** # **,,***,,** #
**,,,,,** # **,,,** #
******'##########################
,,,,,,.........Y.......|.........
,,,,,,.........c@................
**+****##....[#########..........
,,,**,,,#.....'c..c..,#..........
,,****,,#.....#Y##.##,#......^...
,,+~~+,,#.....#.#*,**,#..........
,,+~~+,,#/....#,.,,,,,#..........
,,****,,#.....#,##,**,#..........
,,,**,,,#.....#,**,**,#..........
********#.....#,,,,,,,*,,,.......


You could see a dire elephant and a yaktaur.

Vanquished Creatures
  Zenata (Vaults:1)
  An ironbound preserver (D:13)
  A dire elephant (Vaults:1)
  3 two-headed ogres
  A tengu warrior (D:12)
  A glowing orange brain (D:13)
  The ghost of Gryn the Grappler, a novice DrSh of Wu Jian (D:5)
  3 deep elf pyromancers
  2 ugly things
  4 cyclopes
  A rust devil (D:10)
  2 unseen horrors
  2 gargoyles
  A tengu conjurer (D:12)
  3 trolls
  A hornet (D:9)
  The ghost of ytrimaz the Chopper, an amateur CoGl (D:3)
  9 slime creatures (D:13)
  A shadow (D:9)
  2 vampires (D:12)
  3 wraiths
  13 yaks
  A wyvern (D:9)
  3 steam dragons
  A warg (D:10)
  6 vampire mosquitoes
  3 acid dragons
  4 ice beasts
  4 sky beasts
  A black bear (D:6)
  An ogre (D:5)
  5 orc warriors
  3 boggarts (Vaults:1)
  4 centaurs
  2 wolves (D:10)
  7 kobold brigands
  3 bullfrogs
  2 gnoll sergeants
  4 scorpions
  5 wights (D:7)
  9 killer bees
  3 howler monkeys (D:9)
  2 jellies
  4 sleepcaps
  2 hounds
  11 orc priests
  2 gnoll boudas
  3 iguanas
  7 orc wizards
  Robin (D:2)
  27 gnolls
  9 adders
  2 river rats (D:3)
  A shadow imp (D:6)
  A white imp (D:5)
  2 ufetubi (D:6)
  A ribbon worm (D:3)
  6 dart slugs
  43 orcs
  5 ball pythons
  7 bats
  6 endoplasms
  4 giant cockroaches
  12 goblins
  10 hobgoblins
  6 jackals
  4 quokkas
  2 frilled lizards (D:3)
  31 kobolds
  6 rats
345 creatures vanquished.

Vanquished Creatures (others)
  A boggart (Vaults:1)
  An orc (D:11)
2 creatures vanquished.

Grand Total: 347 creatures vanquished

Notes
Turn   | Place    | Note
-------+----------+-------------------------------------------
     0 | D:1      | n00bmints the Minotaur Berserker began the quest for the
                  | Orb.
     0 | D:1      | Reached XP level 1. HP: 19/19 MP: 0/0
   139 | D:1      | Reached skill level 4 in Maces & Flails
   139 | D:1      | Reached XP level 2. HP: 27/27 MP: 1/1
   658 | D:1      | Reached XP level 3. HP: 30/33 MP: 2/2
  1167 | D:2      | Reached ** piety under Trog
  1264 | D:2      | Reached XP level 4. HP: 41/41 MP: 3/3
  1288 | D:2      | Reached skill level 5 in Maces & Flails
  1455 | D:2      | Noticed Robin
  1461 | D:2      | Killed Robin
  1681 | D:2      | Found a faded altar of an unknown god.
  2140 | D:3      | Reached XP level 5. HP: 43/47 MP: 4/4
  2174 | D:3      | Found a runed translucent door.
  2175 | D:3      | Noticed ytrimaz's ghost (amateur CoGl)
  2200 | D:3      | Killed ytrimaz's ghost
  2201 | D:3      | Reached skill level 5 in Fighting
  2201 | D:3      | Reached skill level 6 in Maces & Flails
  2201 | D:3      | Reached XP level 6. HP: 41/56 MP: 5/5
  2212 | D:3      | Found a runed translucent door.
  2477 | D:3      | Reached skill level 7 in Maces & Flails
  2536 | D:3      | Found a hazy altar of Hepliaklqana.
  2728 | D:4      | Found a staircase to the Ecumenical Temple.
  3041 | D:4      | Reached XP level 7. HP: 61/61 MP: 6/6
  3177 | D:4      | Found Boceuc's Magic Scroll Emporium.
  3183 | D:4      | Identified the +6 plate armour of Wasted Space {rElec rF-
                  | rC+++ MP+9}
  3199 | D:4      | Bought a scroll of enchant armour for 75 gold pieces
  3199 | D:4      | Bought a scroll of identify for 20 gold pieces
  3199 | D:4      | Bought a scroll of identify for 20 gold pieces
  3200 | D:4      | Identified 2 scrolls of acquirement
  3207 | D:4      | Acquired a manual of Armour
  3221 | D:4      | Acquired a manual of Dodging
  3321 | D:4      | Found Zeihum's Distillery.
  3537 | D:5      | Entered Level 5 of the Dungeon
  3571 | D:5      | Found a shimmering altar of Xom.
  3607 | D:5      | Reached skill level 5 in Armour
  3628 | D:5      | Reached skill level 8 in Maces & Flails
  4013 | D:5      | Found a runed translucent gate.
  4014 | D:5      | Found a runed translucent gate.
  4014 | D:5      | Noticed Gryn's ghost (novice DrSh)
  4015 | D:5      | Found a runed translucent gate.
  4208 | D:5      | Reached XP level 8. HP: 48/71 MP: 7/7
  4239 | D:5      | Found a white marble altar of Elyvilon.
  4363 | D:5      | Reached *** piety under Trog
  4578 | D:5      | Reached skill level 9 in Maces & Flails
  4591 | D:5      | Killed Gryn's ghost
  4592 | D:5      | Reached skill level 10 in Maces & Flails
  4837 | D:6      | Reached XP level 9. HP: 46/79 MP: 8/8
  4862 | D:6      | Reached skill level 11 in Maces & Flails
  4934 | D:6      | Reached skill level 5 in Dodging
  5141 | D:6      | Found a hide-covered altar of Uskayaw.
  5273 | D:7      | Reached skill level 12 in Maces & Flails
  5391 | D:7      | Found a glowing silver altar of Zin.
  5521 | D:7      | Killed an unseen horror
  5593 | D:7      | Reached skill level 13 in Maces & Flails
  5694 | D:7      | Reached skill level 10 in Armour
  5694 | D:7      | Reached XP level 10. HP: 87/90 MP: 9/9
  5832 | D:7      | Noticed a purple ugly thing
  5841 | D:7      | Killed a purple ugly thing
  5905 | D:7      | Reached skill level 1 in Stealth
  6047 | D:8      | Found a stormy altar of Qazlal.
  6528 | D:8      | Reached skill level 14 in Maces & Flails
  6585 | D:8      | Found a sparkling altar of Nemelex Xobeh.
  6977 | D:9      | Noticed a two-headed ogre
  6984 | D:9      | Killed a two-headed ogre
  7212 | D:9      | Reached skill level 15 in Maces & Flails
  7226 | D:9      | Found a bloodstained altar of Trog.
  7244 | D:9      | Found a shadowy altar of Dithmenos.
  7247 | D:9      | Reached XP level 11. HP: 99/99 MP: 10/10
  7462 | D:9      | Reached skill level 10 in Fighting
  7582 | D:9      | Found a shimmering blue altar of Sif Muna.
  7621 | D:10     | Entered Level 10 of the Dungeon
  7990 | D:10     | Found a staircase to the Lair.
  8085 | D:10     | Found Iduguy's Book Emporium.
  8113 | D:10     | Found a glowing golden altar of the Shining One.
  8244 | D:10     | Found a burning altar of Makhleb.
  8441 | D:10     | Found an ornate altar of the Wu Jian Council.
  8826 | D:11     | Found a sacrificial altar of Ru.
  9165 | D:11     | Noticed a purple ugly thing
  9172 | D:11     | Killed a purple ugly thing
  9173 | D:11     | Reached skill level 16 in Maces & Flails
  9217 | D:11     | Found a staircase to the Orcish Mines.
  9248 | D:11     | Noticed a two-headed ogre
  9259 | D:11     | Killed a two-headed ogre
  9321 | D:11     | You fall into a shaft and drop 2 floors!
  9323 | D:13     | Found the +9 staff of Olgreb {rPois∞}
  9407 | D:13     | Noticed a deep elf pyromancer
  9417 | D:13     | Killed a deep elf pyromancer
  9423 | D:13     | Reached skill level 15 in Armour
  9909 | D:12     | Noticed a two-headed ogre
  9914 | D:12     | Killed a two-headed ogre
  9915 | D:12     | Reached XP level 12. HP: 102/110 MP: 11/11
  9949 | D:12     | Noticed a tengu warrior
  9968 | D:12     | Killed a tengu warrior
 10766 | D:13     | Found a gate to the Vaults.
 10777 | D:13     | Noticed an ironbound preserver
 10784 | D:13     | Killed an ironbound preserver
 10785 | D:13     | Reached skill level 17 in Maces & Flails
 11047 | Vaults:1 | Entered Level 1 of the Vaults
 11064 | Vaults:1 | Noticed an ironbound frostheart
 11192 | Vaults:1 | Noticed Zenata
 11204 | Vaults:1 | Killed Zenata
 11207 | Vaults:1 | Noticed a dire elephant
 11207 | Vaults:1 | Noticed a dire elephant
 11214 | Vaults:1 | Killed a dire elephant
 11215 | Vaults:1 | Slain by a dire elephant

Illustrated notes

Levels and vault maps discovered:
D:1:      wander_arrival_lonely_grave, layout_basic, serial_forest,
          infiniplex_forest_clump_tiny, infiniplex_forest_corner_2,
          infiniplex_forest_lined_room_, infiniplex_forest_clump_small,
          infiniplex_forest_clump_long, infiniplex_forest_clump_double,
          infiniplex_forest_lined_room_2, infiniplex_forest_lined_3,
          infiniplex_forest_fountain, hangedman_decor_points, feat_on_display
D:2:      layout_loops_ring, dreamdust_ecumenical_altar_angels_and_demons,
          uniq_robin
D:3:      layout_basic, mainiacjoe_overflow_alcove_1, ebering_ghost_sewer_f,
          supply_closet_lemuel
D:4:      layout_basic, minmay_temple_entry_slanted, serial_shops,
          nicolae_square_shop, shop, kennysheep_generic_room_14
D:5:      layout_loops_corners, mainiacjoe_overflow_cross_hatched,
          mainiacjoe_overflow_catwalk, gammafunk_ghost_nasty_kobolds,
          kennysheep_generic_room_6
D:6:      layout_rooms, lemuel_coloured_pillars_altar, minmay_between
D:7:      layout_loops_ring, kennysheep_mini_moat
D:8:      layout_loops_ring, nicolae_qazlal_scattered_showers,
          nemelex_xobeh_ov_fountains_minmay
D:9:      layout_roguey, grunt_dithmenos_shadows, lightli_temple_of_fire,
          lemuel_blue_sif_altar, minivault_19, nrook_uturn
D:10:     layout_roguey, nzn_wu_jian_council_hall, demons_altar,
          lemuel_doored_altar, erik_lair_orcish_takeover, serial_shops,
          nicolae_shop_statue_plus
D:11:     layout_irregular_city, erik_orc_2, roderic_roman_lattice,
          nicolae_ru_the_path_less_chosen
D:12:     layout_loops_ring
D:13:     layout_grid_maze, hellmonk_vaults_order_and_chaos, st_stairs_8,
          minmay_guarded_unrand_staff_of_olgreb
Vaults:1: nicolae_vaults_little_guard_posts, ontoclasm_vaults_decontamination,
          v_misc_14, serial_ice_h, nicolae_vaults_offset_grid_hallway_4,
          v_misc_3, nicolae_vaults_asterisk, nicolae_vaults_trapezoid_4,
          vaults_room_fours, vaults_dpeg_encased_lava, vaults_mumra_minichess,
          hangedman_vaults_stretched_pinwheel, hangedman_vaults_cutoff,
          nicolae_vaults_tetromino_Z_1, layout_vaults_big_room, serial_shops,
          shop, uniq_zenata, uniq_norris

Skill      XL: |  1  2  3  4  5  6  7  8  9 10 11 12 |
---------------+-------------------------------------+-----
Fighting       | 4 5 6 7 8 9 11 13 | 13.0
Maces & Flails | 4 5 6 7 8 10 13 15 16 17 | 17.3
Armour         | 3 4 6 8 10 12 15 16 | 16.9
Dodging        | 3 4 5 6 |  6.9
Stealth        | 1 2 |  2.1

Action                     |  1- 3 |  4- 6 |  7- 9 | 10-12 || total
---------------------------+-------+-------+-------+-------++-------
  Melee: Mace              |    57 |   131 |   190 |       ||   378
         Headbutt          |     6 |    15 |    46 |    82 ||   149
         Flail             |       |       |    59 |       ||    59
         Morningstar       |       |       |    22 |   421 ||   443
 Invoke: Trog's Hand       |       |     6 |    22 |    47 ||    75
         Berserk           |       |     2 |     3 |     3 ||     8
    Use: Scroll            |       |       |    12 |    13 ||    25
         Potion            |       |       |       |     1 ||     1
 Armour: Animal skin       |    22 |       |       |       ||    22
         Ring mail         |    12 |    97 |     7 |       ||   116
         Plate armour      |       |       |   212 |   469 ||   681
  Dodge: Dodged            |    37 |    98 |   143 |   321 ||   599
         Form:             |       |       |       |     1 ||     1
         Maw               |       |       |       |     1 ||     1

Table legend: (Time is in decaauts)
 A = Elapsed time spent in this place.
 B = Non-inter-level travel time spent in this place.
 C = Inter-level travel time spent in this place.
 D = Time resting spent in this place.
 E = Time spent auto-exploring this place.
 F = Levels seen in this place.
 G = Mean time per level.
                   A        B        C        D        E       F      G
               +--------+--------+--------+--------+--------+-----+--------+
         Total |  11341 |  10414 |    927 |      0 |   6861 |  14 |  810.1 |
       Dungeon |  11172 |  10352 |    820 |      0 |   6861 |  13 |  859.4 |
        Vaults |    168 |     61 |    107 |      0 |      0 |   1 |  168.0 |
               +--------+--------+--------+--------+--------+-----+--------+

Top non-repeatable levels by time:
     D:5: 1196 daAuts
     D:1: 1152 daAuts
    D:11: 1084 daAuts
    D:12: 947 daAuts
    D:10: 889 daAuts
     D:2: 868 daAuts
     D:8: 843 daAuts
     D:4: 817 daAuts
     D:7: 806 daAuts
     D:9: 765 daAuts
     D:3: 739 daAuts
    D:13: 533 daAuts
     D:6: 528 daAuts
Vaults:1: 168 daAuts
